 Seeded DCSS version 0.25-a0-942-g87a5396 (webtiles) character file.

Game seed: 7545656194628248485, levelgen mode: deterministic

737 Buxparty the Caller (level 7, -5/51 HPs)
             Began as a Gnoll Summoner on May 6, 2020.
             Splashed by Pikel's acid (14 damage)
             ... on level 5 of the Dungeon.
             The game lasted 00:24:36 (6249 turns).

Buxparty the Caller (Gnoll Summoner)                Turns: 6249, Time: 00:24:37

Health: -5/51      AC:  0    Str: 11    XL:     7   Next: 74%
Magic:  12/15      EV: 15    Int: 19    God:
Gold:   251        SH:  0    Dex: 15    Spells: 8/17 levels left

rFire    . . .     SeeInvis .   y - +2 flail (vorpal)
rCold    . . .     Gourm    .   (no shield)
rNeg     . . .     Faith    .   a - +1 robe
rPois    .         Spirit   .   (no helmet)
rElec    .         Reflect  .   (no cloak)
rCorr    .         Harm     .   (no gloves)
MR       .....                  (no boots)
Stlth    +++.......             (no amulet)
HPRegen  0.17/turn              j - +3 ring of protection
MPRegen  0.14/turn              w - +2 ring of protection

@: corroded
A: distributed training, fangs 1, strong nose
a: no special abilities


You were on level 5 of the Dungeon.
You were not hungry.

You visited 1 branch of the dungeon, and saw 5 of its levels.

You collected 251 gold pieces.

Inventory:

Hand Weapons
 i - a +4 mace
 y - a +2 vorpal flail (weapon)
Armour
 a - a +1 robe (worn)
Jewellery
 j - a +3 ring of protection (left hand)
 w - a +2 ring of protection (right hand)
Wands
 e - a wand of random effects (12)
 q - a wand of enslavement (10)
Scrolls
 b - a scroll of magic mapping {unknown}
 f - 5 scrolls of identify
 k - a scroll of enchant weapon {unknown}
 m - 2 scrolls of teleportation {unknown}
 n - a scroll of fear {unknown}
 t - a scroll of fog {unknown}
 v - 3 scrolls of enchant armour
 x - 2 scrolls of immolation {unknown}
 z - a scroll of amnesia {unknown}
 A - 3 scrolls of remove curse
Potions
 d - 2 potions of berserk rage {unknown}
 g - 2 potions of curing {unknown}
 h - a potion of heal wounds {unknown}
 l - 3 potions of brilliance {unknown}
 o - a potion of experience {unknown}
 p - a potion of magic {unknown}
 r - a potion of haste {unknown}
 s - 2 potions of flight {unknown}
 u - a potion of cancellation {unknown}
Comestibles
 c - 11 rations


   Skills:
 + Level 2.6 Fighting
 + Level 2.6 Short Blades
 + Level 2.6 Long Blades
 + Level 2.6 Axes
 + Level 2.6 Maces & Flails
 + Level 2.6 Polearms
 + Level 2.6 Staves
 + Level 2.6 Slings
 + Level 2.6 Bows
 + Level 2.6 Crossbows
 + Level 2.6 Throwing
 + Level 2.6 Armour
 + Level 5.3 Dodging
 + Level 5.0 Stealth
 + Level 2.6 Shields
 + Level 2.6 Unarmed Combat
 + Level 5.7 Spellcasting
 + Level 2.1 Conjurations
 + Level 2.1 Hexes
 + Level 2.1 Charms
 + Level 7.4 Summonings
 + Level 2.1 Necromancy
 + Level 2.1 Translocations
 + Level 2.1 Transmutations
 + Level 2.1 Fire Magic
 + Level 2.1 Ice Magic
 + Level 2.1 Air Magic
 + Level 2.1 Earth Magic
 + Level 2.1 Poison Magic
 + Level 2.9 Invocations
 + Level 2.6 Evocations


You had 8 spell levels left.
You knew the following spells:

 Your Spells              Type           Power        Failure   Level  Hunger
a - Summon Small Mammal   Summ           ####         1%          1    None
b - Call Canine Familiar  Summ           ####....     1%          3    ##.....
c - Summon Guardian Gole  Hex/Summ       ###.....     4%          3    ##.....
d - Call Imp              Summ           ####....     1%          2    None

Your spell library contained the following spells:

 Spells                   Type           Power        Failure   Level  Hunger
 Summon Ice Beast         Ice/Summ       ###.....     16%         4    ####...
 Summon Lightning Spire   Summ/Air       ###.....     16%         4    ####...


Dungeon Overview and Level Annotations

Branches:
Dungeon (5/15)
 Temple: D:4-7

Altars:
Dithmenos
Okawaru
Wu Jian

Annotations:
D:5 Pikel


Innate Abilities, Weirdness & Mutations

Your experience applies equally to all skills.
You have very sharp teeth.
Your uncanny sense of smell can sniff out nearby items.


Message History

The slave closely misses you.
A slave comes into view.
You thump the slave!
The slave is heavily wounded.
The slave completely misses you.
An ice beast comes into view.
The slave closely misses you.
You closely miss the slave.
The slave is heavily wounded.
You barely miss Pikel. You closely miss Pikel.
Pikel zaps a wand.
The bolt of acid hits you! The acid corrodes you!
You are splashed with acid!
Casting: Summon Small Mammal (safe; 1% risk of failure)
Confirm with . or Enter, or press ? or * to list all spells.
Pikel misses you.
Pikel sighs. "I should capture elves; my bodyguards all look the same!"
Pikel zaps a wand.
The bolt of acid hits you!
* * * LOW HITPOINT WARNING * * *
The acid corrodes you!
You are splashed with acid!
You die...

#r#...#.# #.#
#.(##....
#.#.#.#.# .^#
#........
#.#.....#
##.##....
#......># #.######
#####.### ####.#
#.# #....# #.#
########.#########
#.# #.h......#
#.... #.#
#@#####..# ###.##.
#.. ∆ #.# #(.#
#...... ### #K#
...# #.#.... #p#
##.## #.#.##.


ppp #.# #.#.... #.. ..# #.#...† #### ######...... #.......... #.###.#..#. You
could see Pikel, 4 slaves and a friendly wolf.

Vanquished Creatures
  A crimson imp (D:5)
  2 adders (D:2)
  A worm (D:2)
  2 leopard geckos
  A bat (D:1)
  3 giant cockroaches
  9 hobgoblins
  3 quokkas
  A ball python (D:1)
  2 frilled lizards
  A kobold (D:2)
  4 rats
30 creatures vanquished.

Vanquished Creatures (collateral kills)
  Prince Ribbit (D:5)
  A sky beast (D:5)
  3 ogres
  A bullfrog (D:5)
  A scorpion (D:5)
  2 hounds (D:5)
  A quasit (D:5)
  2 orc priests (D:5)
  A jelly (D:5)
  3 orc wizards
  2 centaur skeletons
  A hound skeleton (D:5)
  A howler monkey zombie (D:5)
  A howler monkey skeleton (D:5)
  6 adders
  An ooze (D:4)
  2 adder skeletons (D:4)
  A worm (D:2)
  3 dart slugs (D:1)
  A leopard gecko (D:1)
  8 orcs
  3 bats
  3 giant cockroaches
  3 goblins
  3 hobgoblins
  2 kobolds
  5 quokkas
  A ball python (D:1)
  3 frilled lizards (D:3)
  A leopard gecko skeleton (D:4)
67 creatures vanquished.

Vanquished Creatures (others)
  A bullfrog skeleton (D:5)
1 creature vanquished.

Grand Total: 98 creatures vanquished

Notes
Turn   | Place    | Note
-------+----------+-------------------------------------------
     0 | D:1      | Buxparty the Gnoll Summoner began the quest for the Orb.
     0 | D:1      | Reached XP level 1. HP: 13/13 MP: 6/6
   108 | D:1      | Reached XP level 2. HP: 9/19 MP: 5/7
  1216 | D:2      | Reached skill level 5 in Spellcasting
  1216 | D:2      | Reached XP level 3. HP: 17/25 MP: 6/9
  1489 | D:2      | Reached skill level 1 in Invocations
  1834 | D:2      | Reached skill level 1 in Fighting
  1834 | D:2      | Reached skill level 1 in Short Blades
  1834 | D:2      | Reached skill level 1 in Long Blades
  1834 | D:2      | Reached skill level 1 in Axes
  1834 | D:2      | Reached skill level 1 in Maces & Flails
  1834 | D:2      | Reached skill level 1 in Polearms
  1834 | D:2      | Reached skill level 1 in Staves
  1834 | D:2      | Reached skill level 1 in Slings
  1834 | D:2      | Reached skill level 1 in Bows
  1834 | D:2      | Reached skill level 1 in Crossbows
  1834 | D:2      | Reached skill level 1 in Throwing
  1834 | D:2      | Reached skill level 1 in Armour
  1834 | D:2      | Reached skill level 1 in Shields
  1834 | D:2      | Reached skill level 1 in Unarmed Combat
  1834 | D:2      | Reached skill level 1 in Evocations
  1834 | D:2      | Reached XP level 4. HP: 29/32 MP: 11/11
  3063 | D:3      | Learned a level 3 spell: Call Canine Familiar
  3285 | D:3      | Found an iron altar of Okawaru.
  3415 | D:3      | Reached skill level 1 in Conjurations
  3415 | D:3      | Reached skill level 1 in Hexes
  3415 | D:3      | Reached skill level 1 in Charms
  3415 | D:3      | Reached skill level 1 in Necromancy
  3415 | D:3      | Reached skill level 1 in Translocations
  3415 | D:3      | Reached skill level 1 in Transmutations
  3415 | D:3      | Reached skill level 1 in Fire Magic
  3415 | D:3      | Reached skill level 1 in Ice Magic
  3415 | D:3      | Reached skill level 1 in Air Magic
  3415 | D:3      | Reached skill level 1 in Earth Magic
  3415 | D:3      | Reached skill level 1 in Poison Magic
  3620 | D:3      | Found an ornate altar of the Wu Jian Council.
  3717 | D:4      | Reached XP level 5. HP: 37/37 MP: 4/12
  3933 | D:4      | Noticed an ogre
  3942 | D:4      | Killed an ogre
  3977 | D:4      | Noticed an ogre
  3991 | D:4      | Killed an ogre
  3991 | D:4      | Reached XP level 6. HP: 44/44 MP: 10/13
  4159 | D:4      | Found a shadowy altar of Dithmenos.
  4355 | D:5      | Entered Level 5 of the Dungeon
  4398 | D:5      | Noticed a sky beast
  4764 | D:5      | Reached skill level 5 in Dodging
  4774 | D:5      | Learned a level 3 spell: Summon Guardian Golem
  4812 | D:5      | Noticed Prince Ribbit
  5286 | D:5      | Reached XP level 7. HP: 50/50 MP: 8/15
  5665 | D:4      | Learned a level 2 spell: Call Imp
  5720 | D:5      | Killed Prince Ribbit
  6112 | D:5      | Reached skill level 5 in Stealth
  6241 | D:5      | Noticed Pikel
  6249 | D:5      | Splashed by Pikel's acid

Levels and vault maps discovered:
D:1:      scummos_arrival_hexagon, layout_basic
D:2:      layout_rooms, chequers_serial_rivers_micro_c, roderic_lattice_a,
          nrook_loot_triangle, roderic_nine_men_s_morris
D:3:      layout_basic, lemuel_doored_altar, okawaru_gym_becter
D:4:      layout_gridville, grunt_dithmenos_smoke_and_mirrors
D:5:      layout_loops_cross, first_ration, uniq_pikel, uniq_prince_ribbit1

Skill      XL: |  1  2  3  4  5  6  7 |
---------------+----------------------+-----
Spellcasting   | 5 |  5.7
Invocations    | 1 2 |  2.9
Fighting       | 1 2 |  2.6
Short Blades   | 1 2 |  2.6
Long Blades    | 1 2 |  2.6
Axes           | 1 2 |  2.6
Maces & Flails | 1 2 |  2.6
Polearms       | 1 2 |  2.6
Staves         | 1 2 |  2.6
Slings         | 1 2 |  2.6
Bows           | 1 2 |  2.6
Crossbows      | 1 2 |  2.6
Throwing       | 1 2 |  2.6
Armour         | 1 2 |  2.6
Shields        | 1 2 |  2.6
Unarmed Combat | 1 2 |  2.6
Evocations     | 1 2 |  2.6
Conjurations   | 1 2 |  2.1
Hexes          | 1 2 |  2.1
Charms         | 1 2 |  2.1
Necromancy     | 1 2 |  2.1
Translocations | 1 2 |  2.1
Transmutations | 1 2 |  2.1
Fire Magic     | 1 2 |  2.1
Ice Magic      | 1 2 |  2.1
Air Magic      | 1 2 |  2.1
Earth Magic    | 1 2 |  2.1
Poison Magic   | 1 2 |  2.1
Dodging        | 5 |  5.3
Stealth        | 5 |  5.0
Summonings     | |  7.4

Action                   |  1- 3 |  4- 6 |  7- 9 || total
-------------------------+-------+-------+-------++-------
Melee: Club              |    39 |       |       ||    39
       Unarmed           |     4 |       |       ||     4
       Bite              |     6 |    11 |       ||    17
       Mace              |    29 |    72 |       ||   101
       Flail             |       |       |    10 ||    10
 Cast: Summon Small Mamm |    29 |    73 |    24 ||   126
       Call Canine Famil |       |    16 |     8 ||    24
       Summon Guardian G |       |     6 |     6 ||    12
       Call Imp          |       |       |     2 ||     2
  Use: Scroll            |       |     4 |       ||     4
 Stab: Sleeping          |     6 |     6 |     2 ||    14
       Distracted        |     1 |     1 |       ||     2
  Eat: Chunk             |     3 |    11 |     2 ||    16
       Ration            |       |       |     1 ||     1
Armor: Robe              |    17 |    20 |     2 ||    39
Dodge: Dodged            |    85 |    88 |    15 ||   188

Table legend:
 A = Non-vault XP
 B = Vault XP
 C = Vault XP percentage of total XP
 D = Non-vault monster count
 E = Vault monster count
 F = Vault count percentage of total count
                 A         B        C        D         E       F
            +---------+---------+-------+---------+---------+-------
      Total |     923 |     130 |  12.3 |      97 |       1 |   1.0
            +---------+---------+-------+---------+---------+-------
        D:1 |      32 |       0 |   0.0 |      19 |       0 |   0.0
        D:2 |      73 |       0 |   0.0 |      22 |       0 |   0.0
        D:3 |      34 |       0 |   0.0 |      16 |       0 |   0.0
        D:4 |     234 |       0 |   0.0 |      14 |       0 |   0.0
        D:5 |     550 |     130 |  19.1 |      26 |       1 |   3.7
            +---------+---------+-------+---------+---------+-------
